 Dungeon Crawl Stone Soup version 0.21-a0-552-g593960d (webtiles) character file.

20 tidbits the Thaumaturge (level 2, 1/20 HPs)
             Began as a Gnoll Wanderer on Dec 17, 2017.
             Quit the game on level 2 of the Dungeon.
             The game lasted 00:02:54 (280 turns).

tidbits the Thaumaturge (Gnoll Wanderer)             Turns: 280, Time: 00:02:55

Health: 1/20       AC:  4    Str: 13    XL:     2   Next: 79%
Magic:  13/14      EV: 11    Int: 16    God:
Gold:   23         SH:  0    Dex: 13    Spells: 22/23 levels left

rFire    + . .     SeeInvis .   h - +0 dagger (drain)
rCold    . . .     Gourm    .   (no shield)
rNeg     . . .     Faith    .   B - +1 leather armour {rF+}
rPois    .         Spirit   .   (no helmet)
rElec    .         Reflect  .   (no cloak)
rCorr    .         Harm     .   (no gloves)
MR       .....                  (no boots)
Stlth    ++........             (no amulet)
HPRegen  0.06/turn              (no ring)
MPRegen  0.14/turn              (no ring)

@: lethally poisoned (1 -> -4)
A: distributed training, fangs 1, strong nose
a: no special abilities


You were on level 2 of the Dungeon.
You were not hungry.

You visited 1 branch of the dungeon, and saw 2 of its levels.

You collected 23 gold pieces.

Inventory:

Hand Weapons
 e - a +0 club
 h - a +0 dagger of draining (weapon)
   (You found it on level 1 of the Dungeon)
Missiles
 l - 4 tomahawks (quivered)
 o - 30 arrows
Armour
 d - a +0 robe
 B - a +1 leather armour of fire resistance (worn)
   (You found it on level 1 of the Dungeon)
Scrolls
 g - a scroll of enchant armour {unknown}
 i - 2 scrolls of remove curse {unknown}
 j - 2 scrolls of enchant weapon {unknown}
 k - a scroll of identify {unknown}
 m - a scroll of blinking {unknown}
Potions
 n - a potion of curing {unknown}
Books
 a - a book of Minor Magic

   Spells                             Type                      Level
   a - Magic Dart                     Conjuration                  1
   b - Blink                          Translocation                2
   c - Call Imp                       Summoning                    2
   d - Slow                           Hexes                        2
   e - Conjure Flame                  Conjuration/Fire             3
   f - Mephitic Cloud                 Conjuration/Poison/Air       3
 b - Sif Muna's Collected Works on Transmutation

   Spells                             Type                      Level
   a - Beastly Appendage              Transmutation                1
   b - Spider Form                    Transmutation/Poison         3
 c - the Almanac of Weightlessness

   Spells                             Type                      Level
   a - Shock                          Conjuration/Air              1
   b - Mephitic Cloud                 Conjuration/Poison/Air       3
Comestibles
 f - 2 bread rations


   Skills:
 + Level 0.5 Fighting
 + Level 0.5 Short Blades
 + Level 0.5 Long Blades
 + Level 0.5 Axes
 + Level 0.5 Maces & Flails
 + Level 0.5 Polearms
 + Level 0.5 Staves
 + Level 0.5 Slings
 + Level 0.5 Bows
 + Level 0.5 Crossbows
 + Level 2.5 Throwing
 + Level 0.5 Armour
 + Level 0.5 Dodging
 + Level 2.3 Stealth
 + Level 0.5 Shields
 + Level 0.5 Unarmed Combat
 + Level 11.1 Spellcasting
 + Level 0.3 Conjurations
 + Level 2.0 Hexes
 + Level 0.3 Charms
 + Level 0.3 Summonings
 + Level 0.3 Necromancy
 + Level 0.3 Translocations
 + Level 0.3 Transmutations
 + Level 0.3 Fire Magic
 + Level 0.3 Ice Magic
 + Level 2.0 Air Magic
 + Level 0.3 Earth Magic
 + Level 2.0 Poison Magic
 + Level 0.6 Invocations
 + Level 0.5 Evocations


You had 22 spell levels left.
You knew the following spells:

 Your Spells              Type           Power        Failure   Level  Hunger
a - Shock                 Conj/Air       ##..         6%          1    None


Dungeon Overview and Level Annotations

Branches:
Dungeon (2/15)

Altars:


Innate Abilities, Weirdness & Mutations

Your experience applies equally to all skills.
You have very sharp teeth.
Your uncanny sense of smell can sniff out nearby items.


Message History

Found a hand axe.
You see here a dyed leather armour.
n - a dyed leather armour Wear which item? (? for menu, Esc to quit)
You start removing your armour.
You continue taking off your +0 robe. x4
You finish taking off your +0 robe.
You start putting on your armour.
You continue putting on your dyed leather armour. x5
You finish putting on your +1 leather armour of fire resistance.
You feel resistant to fire.
Adjust (i)tems, (s)pells, or (a)bilities?
Adjust which item? (? for menu, Esc to quit)
n - a +1 leather armour of fire resistance (worn)
Adjust to which letter? (? for menu, Esc to quit)
B - a +1 leather armour of fire resistance (worn)
Found a club.
You see here a hand axe.
Found a metallic blue potion.
n - a metallic blue potion You see here a hand axe.
Things that are here:
2 stones; a kobold corpse You see here 30 arrows.
o - 30 arrows
Found a bread ration.
f - 2 bread rations (gained 1)
There is a stone staircase leading down here.
You climb downwards.
An adder and a hobgoblin come into view.
There is a stone staircase leading up here.
Casting: Shock
Confirm with . or Enter, or press ? or * to list all spells.
Aiming: Shock
Press: ? - help, Shift-Dir - straight line, f - adder
Aim: an adder (resting)
The zap hits the adder.
The adder is lightly wounded.
Casting: Shock
Confirm with . or Enter, or press ? or * to list all spells.
Aiming: Shock
Press: ? - help, Shift-Dir - straight line, f/p - adder
Aim: an adder (lightly wounded)
The zap hits the adder.
The adder is moderately wounded.
Casting: Shock
Confirm with . or Enter, or press ? or * to list all spells.
Aiming: Shock
Press: ? - help, Shift-Dir - straight line, f/p - adder
Aim: an adder (moderately wounded)
The zap hits the adder.
The adder is almost dead.
The adder bites you.
You are poisoned.
The adder poisons you! The adder bites you.
You are more poisoned.
The adder poisons you!
You closely miss the adder.
The adder is almost dead.
You feel sick. The adder bites you but does no damage.
You miss the adder.
The adder is almost dead.
You feel sick. The adder bites you but does no damage.
The hobgoblin misses you.
You barely miss the adder.
The adder is almost dead.
The adder closely misses you. The hobgoblin barely misses you.
You barely miss the adder.
The adder is almost dead.
You feel sick. The adder bites you but does no damage.
The adder barely misses you. The hobgoblin misses you.
You hit the adder.
You kill the adder!
The hobgoblin barely misses you.
You closely miss the hobgoblin.
You feel sick. The hobgoblin hits you.
You closely miss the hobgoblin. You hit the hobgoblin but do no damage.
The hobgoblin hits you.
* * * LOW HITPOINT WARNING * * *
You closely miss the hobgoblin.
You feel sick. The hobgoblin barely misses you.
You closely miss the hobgoblin. Your punch misses the hobgoblin.
The hobgoblin barely misses you.
You barely miss the hobgoblin. The hobgoblin closely misses you.
You hit the hobgoblin but do no damage. You drain the hobgoblin!
The hobgoblin is heavily wounded.
The hobgoblin hits you but does no damage.
You closely miss the hobgoblin.
You bite the hobgoblin, but do no damage.
The hobgoblin is heavily wounded.
You feel sick. The hobgoblin closely misses you.
You closely miss the hobgoblin.
The hobgoblin is heavily wounded.
The hobgoblin hits you.
* * * LOW HITPOINT WARNING * * *
You closely miss the hobgoblin.
The hobgoblin is heavily wounded.
The hobgoblin barely misses you.
You hit the hobgoblin but do no damage. Your bite misses the hobgoblin.
The hobgoblin is heavily wounded.
The hobgoblin hits you.
* * * LOW HITPOINT WARNING * * *
Are you sure you want to abandon this character and quit the game? (Confirm with "yes".)

#.. #.. # #...
.# #.... ..# .
#....#####..#.#
#..............
#...g@.......
#....<.......
#########....
... .


You could see a hobgoblin.

Vanquished Creatures
  An adder (D:2)
  3 giant cockroaches (D:1)
  2 hobgoblins (D:1)
  3 bats (D:1)
  A kobold (D:1)
10 creatures vanquished.

Vanquished Creatures (others)
  A hobgoblin (D:1)
  A kobold (D:1)
2 creatures vanquished.

Grand Total: 12 creatures vanquished

Notes
Turn   | Place    | Note
-------+----------+-------------------------------------------
     0 | D:1      | Reached skill level 11 in Spellcasting
     0 | D:1      | tidbits the Gnoll Wanderer began the quest for the Orb.
     0 | D:1      | tidbits set off with: a book of Minor Magic, Sif Muna's Collected Works on Transmutation, the Almanac of Weightlessness, a +0 robe, a +0 club, a bread ration
     0 | D:1      | Reached XP level 1. HP: 13/13 MP: 12/12
     0 | D:1      | Identified Sif Muna's Collected Works on Transmutation
     0 | D:1      | Identified the Almanac of Weightlessness
     2 | D:1      | Learned a level 1 spell: Shock
    56 | D:1      | Reached skill level 2 in Hexes
    56 | D:1      | Reached skill level 2 in Air Magic
    56 | D:1      | Reached skill level 2 in Poison Magic
    91 | D:1      | Reached XP level 2. HP: 9/19 MP: 10/14
   277 | D:2      | HP: 2/20 [hobgoblin (5)]
   280 | D:2      | Quit the game

Vault maps used:
D:1:      evilmike_arrival_crescent, lemuel_flame_loot_1

Skill      XL: |  1 |
---------------+----+-----
Spellcasting   | | 11.1
Hexes          | 2 |  2.0
Air Magic      | 2 |  2.0
Poison Magic   | 2 |  2.0
Fighting       | |  0.5
Short Blades   | |  0.5
Long Blades    | |  0.5
Axes           | |  0.5
Maces & Flails | |  0.5
Polearms       | |  0.5
Staves         | |  0.5
Slings         | |  0.5
Bows           | |  0.5
Crossbows      | |  0.5
Throwing       | |  2.5
Armour         | |  0.5
Dodging        | |  0.5
Stealth        | |  2.3
Shields        | |  0.5
Unarmed Combat | |  0.5
Conjurations   | |  0.3
Charms         | |  0.3
Summonings     | |  0.3
Necromancy     | |  0.3
Translocations | |  0.3
Transmutations | |  0.3
Fire Magic     | |  0.3
Ice Magic      | |  0.3
Earth Magic    | |  0.3
Invocations    | |  0.6
Evocations     | |  0.5

Action                   || total
-------------------------++-------
Melee: Dagger            ||    23
       Club              ||     1
       Bite              ||     1
 Cast: Shock             ||    11
 Stab: Sleeping          ||     2
Armor: Robe              ||    12
       Leather armour    ||     4
Dodge: Dodged            ||    33

Table legend:
 A = Spawn XP
 B = Non-spawn XP
 C = Spawn XP percentage of total XP
 D = Spawn monster count
 E = Non-spawn monster count
 F = Spawn count percentage of total count
 G = Total turns spent on level
                    A         B        C        D         E        F      G
               +---------+---------+-------+---------+---------+-------+---------
         Total |       0 |      29 |   0.0 |       0 |      10 |   0.0 |   280
               +---------+---------+-------+---------+---------+-------+---------
           D:1 |       0 |      15 |   0.0 |       0 |       9 |   0.0 |   259
           D:2 |       0 |      14 |   0.0 |       0 |       1 |   0.0 |    21
               +---------+---------+-------+---------+---------+-------+---------

Table legend:
 A = Turns spent in this place as a percentage of turns spent in the entire game.
 B = Non-inter-level travel turns spent in this place as a percentage of non-inter-level travel turns spent in the entire game.
 C = Inter-level travel turns spent in this place as a percentage of turns spent in this place.
 D = Turns resting spent in this place as a percentage of non-inter-level travel turns spent in this place.
 E = Turns spent auto-exploring this place as a percentage of non-inter-level travel turns spent in this place.
 F = Non-inter-level travel turns spent in this place divided by the number of levels of this place that you've seen.
                   A       B       C       D       E      F
               +-------+-------+-------+-------+-------+----------------------
         Total | 100.0 | 100.0 |   0.0 |   0.0 |   0.0 | 140.0
       Dungeon | 100.0 | 100.0 |   0.0 |   0.0 |   0.0 | 140.0
               +-------+-------+-------+-------+-------+----------------------

Table legend:
 A = Kills in this place as a percentage of kills in entire the game.
 B = Kills by you in this place as a percentage of kills by you in the entire game.
 C = Kills by friends in this place as a percentage of kills by friends in the entire game.
 D = Other kills in this place as a percentage of other kills in the entire game.
 E = Experience gained in this place as a percentage of experience gained in the entire game.
 F = Experience gained in this place divided by the number of levels of this place that you have seen.
                   A       B       C       D       E      F
               +-------+-------+-------+-------+-------+----------------------
         Total | 100.0 | 100.0 |   N/A |   N/A | 100.0 |  14.5
       Dungeon | 100.0 | 100.0 |   N/A |   N/A | 100.0 |  14.5
               +-------+-------+-------+-------+-------+----------------------

Vault maps used:
D:1:      evilmike_arrival_crescent, lemuel_flame_loot_1
